 Dungeon Crawl Stone Soup version 0.27.0-1-g7a089689b8 (webtiles) character file.

Game seed: 3454068267513636994

39 freelancePsychic the Charlatan (level 3, -1/42 HPs)
             Began as a Djinni Artificer on Aug 13, 2021.
             Slain by a shadow imp (3 damage)
             ... summoned by Natasha
             ... on level 2 of the Dungeon.
             The game lasted 00:02:22 (1248 turns).

freelancePsychic the Charlatan (Djinni Artificer)   Turns: 1248, Time: 00:02:22

Health: -1/42      AC: 21    Str: 11    XL:     3   Next: 67%
Gold:   59         EV:  2    Int: 13    God:
                   SH:  0    Dex: 13

rFire    . . .     SeeInvis .   m - +2 short sword (drain)
rCold    . . .     Faith    .   (no shield)
rNeg     + + +     Spirit   .   (armour currently unavailable)
rPois    ∞         Reflect  .   (helmet currently unavailable)
rElec    .         Harm     .   (cloak currently unavailable)
rCorr    .         Rampage  .   (gloves currently unavailable)
Will     .....     NoTele   +   (boots unavailable)
Stlth    +.........             (no amulet)
HPRegen  0.14/turn              (no ring)
MPRegen  0.00/turn              (no ring)

@: tree-form
A: stationary, stasis, torment immunity, boosted hp, sickness immunity, (fire
resistance 2), (cold vulnerability 1), float, innate caster, hp casting, extra
vitality 1, (antennae 1), deterioration 1
a: no special abilities


You were on level 2 of the Dungeon.
You were a tree.
You visited 1 branch of the dungeon, and saw 2 of its levels.

You collected 59 gold pieces.

Inventory:

Hand Weapons
 a - a +0 falchion of holy wrath
 i - a +1 dagger
 m - a +2 short sword of draining (weapon)
Missiles
 g - 3 boomerangs (quivered)
Armour
 b - a +0 leather armour (melded)
Wands
 c - a wand of flame (15)
 d - a wand of charming (15)
Scrolls
 l - a scroll of identify {@r1}
 n - a scroll of enchant weapon
Potions
 h - a potion of heal wounds {unknown}
 k - a potion of flight {unknown}
Miscellaneous
 e - a piece from Xom's chessboard (15/15)


   Skills:
 + Level 2.2 Fighting
 + Level 0.8 Long Blades
 - Level 1.0 Armour
 - Level 2.1 Dodging
 - Level 0.7 Stealth
 + Level 1.2 Spellcasting
 - Level 3.0 Evocations


You had 3 spell levels left.
You knew the following spells:

 Your Spells              Type           Power      Damage    Failure   Level
a - Animate Skeleton      Necr           8%         N/A       17%         1
Your spell library was empty.

Dungeon Overview and Level Annotations

Branches:
Dungeon (2/15)

Altars:

Annotations:
D:2 Natasha


Innate Abilities, Weirdness & Mutations

You are a tree.
Your roots penetrate the ground, keeping you stationary.
You cannot be teleported.
You are immune to unholy pain and torment.
Your maximum health is greatly increased.
Your equipment is partially melded.
You are immune to sickness and miasma.
You are immune to poison.
((Your flesh is very heat resistant. (rF++)))
((You are vulnerable to cold. (rC-)))
You float through the air rather than walking.
You learn spells naturally, not from books.
Your magical power is your life essence.
You have superior vitality. (+4 HP)
((You have a pair of small antennae on your head.))
Your body sometimes deteriorates upon taking damage.


Message History

You throw a boomerang. The boomerang closely misses Natasha.
The boomerang closely misses the adder.
The boomerang hits the endoplasm.
The endoplasm is heavily wounded.
Natasha casts a spell at you. The magic dart hits you.
You hit Natasha.
Natasha is moderately wounded.
Natasha extends her claws.
Natasha claws you.
You hit Natasha.
Natasha is heavily wounded.
Natasha claws you.
You barely miss Natasha.
Natasha is heavily wounded.
Natasha mumbles some strange words.
You feel disoriented.
Natasha mumbles some strange words.
You closely miss Natasha.
Natasha is heavily wounded.
Natasha claws you.
You hit Natasha. You drain Natasha.
Natasha is almost dead.
Natasha claws you.
* * * LOW HITPOINT WARNING * * *
The shadow imp hits you.
* * * LOW HITPOINT WARNING * * *
You hit Natasha.
Natasha is almost dead.
Natasha barely misses you. The shadow imp closely misses you.
Natasha barely misses you.
Really quaff the potion of lignification?
You turn into a tree.
Your +0 leather armour melds into your body.
Your roots penetrate the ground.
The shadow imp hits you but does no damage.
Natasha mumbles some strange words.
It was a potion of mutation.
You feel extremely strange.
You feel yourself wasting away. A pair of antennae grows on your head!
The shadow imp hits you.
You die...

########### #...S..
..........# #......
..........# #...S..
..........# #....h.
..........# #......
..........# #......
.........<#
#......######+#'###
#......JSh♣##...#
#......###5##...#
#...... ##5##.#####
####### #.........#
#.......####
#.#........#
#....#.#####
#..........#
#.##.#.###.#


You could see Natasha (drained), an adder, a white imp (summoned), a shadow imp
(summoned) and an endoplasm.

Vanquished Creatures
  A dart slug (D:1)
  2 endoplasms
  6 giant cockroaches (D:1)
  5 goblins (D:1)
  A hobgoblin (D:2)
  2 jackals (D:1)
  3 kobolds (D:1)
  2 quokkas (D:1)
  A ball python (D:1)
  2 bats (D:1)
  4 frilled lizards (D:1)
  4 rats (D:1)
33 creatures vanquished.

Notes
Turn   | Place    | Note
-------+----------+-------------------------------------------
     0 | D:1      | freelancePsychic the Djinni Artificer began the quest for
                  | the Orb.
     0 | D:1      | Reached XP level 1. HP: 17/17 MP: 0/0
   176 | D:1      | Reached XP level 2. HP: 14/22 MP: 0/0
   634 | D:1      | Reached skill level 1 in Spellcasting
   651 | D:1      | Reached XP level 3. HP: 12/28 MP: 0/0
   651 | D:1      | Learned a level 1 spell: Animate Skeleton
  1085 | D:1      | Found a faded altar of an unknown god.
  1235 | D:2      | Noticed Natasha
  1245 | D:2      | HP: 1/28 [shadow imp[Natasha] (5)]
  1248 | D:2      | Gained mutation: Your body sometimes deteriorates upon
                  | taking damage. [potion of mutation]
  1248 | D:2      | Gained mutation: You have a pair of small antennae on your
                  | head. [potion of mutation]
  1248 | D:2      | Slain by a shadow imp

Illustrated notes

Levels and vault maps discovered:
D:1:      nzn_arrival_settlement, layout_basic,
          dilly_ecumenical_altar_fadedgnrine, minmay_worlds_worst_comb
D:2:      layout_basic, uniq_terence, uniq_natasha, uniq_jessica

Skill      XL: |  1  2  3 |
---------------+----------+-----
Spellcasting   | 1 |  1.2
Fighting       | 2 |  2.2
Long Blades    | |  0.8
Armour         | |  1.0
Dodging        | |  2.1
Stealth        | |  0.7
Evocations     | |  3.0

Action                   || total
-------------------------++-------
Melee: Dagger            ||    17
       Falchion          ||    22
       Short sword       ||    43
Throw: Boomerang         ||    28
  Use: Scroll            ||     2
       Potion            ||     2
 Stab: Sleeping          ||     1
Armor: Leather armour    ||    29
       Skin              ||     1
Dodge: Dodged            ||    54
       Rpst.: Falchion   ||     7
